Cogmind - Beta 13 @@@ ROGUE MODE // 2024.05.29 @ 12:47:16 Player: Ragemodebzrk Result: Destroyed by Y-45 Defender with Beam Rifle Performance ------------- Evolutions (1) 500 Regions Visited (2) 400 Robots Destroyed (29) 145 Value Destroyed (820) 820 Prototype IDs (3) 60 Alien Tech Used (0) 0 Bonus (0) 0 TOTAL SCORE: 1925 Bonus ------- None Cogmind --------- Core Integrity 0/400 Matter 284/300 Energy 209/265 System Corruption 7% Temperature Warm (129) Movement Core (150) Ox2 Location -9/Materials Parts ------- > --- POWER (1) -------- Improved Ion Engine > --- PROPULSION (2) --- (None) > --- UTILITY (3) ------ Weight Redist. System Improved Targeting Computer Hardened Light Armor Plating > --- WEAPON (3) ------- Light EM Pulse Cannon Heavy Assault Rifle > --- INVENTORY (5) ---- Hardened Light Armor Plating Peak State ------------ > --- POWER ------------ Improved Ion Engine > --- PROPULSION ------- Aluminum Leg Aluminum Leg > --- UTILITY ---------- Weight Redist. System Improved Targeting Computer Core Shielding > --- WEAPON ----------- Heavy EM Pulse Gun Medium Laser Medium Laser > --- INVENTORY -------- Improved Ion Engine Weight Redist. System Improved Targeting Computer Hardened Light Armor Plating Hardened Light Armor Plating [Rating: 14] Favorites ----------- Power Improved Ion Engine Engine Improved Ion Engine Propulsion Aluminum Leg Leg Aluminum Leg Wheel Compact Wheel Utility Small Storage Unit Device Weight Redist. System Storage Small Storage Unit Processor Targeting Computer Protection Core Shielding Weapon Medium Laser Energy Gun Medium Laser Energy Cannon Light EM Pulse Cannon Ballistic Gun Light Assault Rifle Build | -11 -10 -9 ------- Run | Yrd Mat Mat Slots Evolved 2 | . . 2 Power . | . . . Propulsion . | . . . Utility 1 | . . 1 Weapon 1 | . . 1 Parts Attached 32 | 6 7 19 Power 5 | 1 1 3 Engine 5 | 1 1 3 Core . | . . . Reactor . | . . . Propulsion 5 | 2 2 1 Treads . | . . . Leg 3 | . 2 1 Wheel 2 | 2 . . Hover . | . . . Flight . | . . . Utility 10 | 1 2 7 Device 4 | . 1 3 Storage 1 | 1 . . Processor 3 | . 1 2 Hackware . | . . . Protection 2 | . . 2 Artifact . | . . . Weapon 12 | 2 2 8 Energy Gun 8 | 2 2 4 Energy Cannon 1 | . . 1 Ballistic Gun 3 | . . 3 Ballistic Cannon . | . . . Launcher . | . . . Special Weapon . | . . . Impact Weapon . | . . . Slashing Weapon . | . . . Piercing Weapon . | . . . Special Melee Weapon . | . . . Unidentified Prototypes 1 | . . 1 Corrupted Parts 1 | . . 1 System Corruption 7 | . . 7 Parts Lost 11 | . 1 10 Power 1 | . . 1 Propulsion 3 | . . 3 Utility 2 | . 1 1 Weapon 5 | . . 5 Highest Loss Streak 6 | . 1 6 To Critical Strikes . | . . . Average Slot Usage (%) 89 | . 91 86 Engine 11 | . 14 9 Leg 19 | . 23 15 Wheel 1 | . 2 . Device 6 | . 2 10 Storage 7 | . 14 1 Processor 8 | . 7 10 Protection 4 | . . 9 Energy Gun 24 | . 27 20 Energy Cannon 1 | . . 2 Ballistic Gun 2 | . . 5 Naked Turns . | . . . Heaviest Build 20 | 14 16 20 Greatest Support 32 | 32 32 26 Greatest Overweight (x) 1 | . . 1 Average Overweight (x) . | . . . Largest Inventory Capacity 8 | 8 8 8 Average Capacity 6 | 6 8 5 Most Carried 7 | 5 7 6 Average Carried 3 | 1 3 3 Final Capacity 8 | 8 8 5 Final Carried 5 | . 5 1 Class Distribution -------------------- 59% | Mutant 30% | Gunner 10% | Scavenger-Mutant Dominant Class ---------------- Mutant | -10/Materials Gunner | -9/Materials Resources | -11 -10 -9 ----------- Run | Yrd Mat Mat Matter Collected 698 | 209 116 373 Remotely . | . . . Salvage Created 986 | . 299 687 Parts 66 | . 19 47 Haulers Intercepted . | . . . Recyclers Shooed . | . . . Parts Field Recycled . | . . . Retrieved Matter . | . . . Parts Self-Destructed . | . . . Prevented . | . . . Kills | -11 -10 -9 ------- Run | Yrd Mat Mat Combat Hostiles Destroyed 21 | . 8 13 Guns 20 | . 8 12 Cannons 1 | . . 1 Classes Destroyed 7 | . 5 2 Worker 2 | . 1 1 Operator 1 | . 1 . Watcher 5 | . 2 3 Swarmer 3 | . 3 . Grunt 12 | . 5 7 Brawler 1 | . . 1 Sentry 5 | . . 5 Best Kill Streak 4 | . 4 4 Combat Bots Only 4 | . 3 4 Max Kills in Single Turn 1 | . 1 1 Gunslinging . | . . . Exploded . | . . . Melee . | . . . Uniques/NPCs Destroyed . | . . . Combat | -11 -10 -9 -------- Run | Yrd Mat Mat Hostile Shots Fired 146 | . 39 107 Missed 34 | . 11 23 Damage Taken 1480 | . 271 1209 Core 496 | . 96 400 Absorbed by Shields . | . . . Redirected to Shielding 54 | . . 54 Regen/Repaired (Parts) 107 | . . 107 Core Remaining (%) 80 | 100 61 . Volleys Fired 83 | . 29 54 Largest 3 | . 2 3 Hottest 145 | . 100 145 Shots Fired 166 | . 52 114 Gun 158 | . 52 106 Cannon 8 | . . 8 Launcher . | . . . Special . | . . . Kinetic 15 | . . 15 Thermal 132 | . 52 80 Explosive . | . . . Electromagnetic 19 | . . 19 Robot Hit Streak 9 | . 6 9 Robot Miss Streak 3 | . 3 2 Penetration Max . | . . . Secondary Targets 4 | . 2 2 Max Gunslinging Chain 1 | . 1 1 Shots Hit Robots 101 | . 32 69 Core Hits 50 | . 18 32 Critical Kills . | . . . Critical Parts Destroyed . | . . . Critical Strikes 6 | . 4 2 Burn 6 | . 4 2 Melee Attacks . | . . . Impact . | . . . Slashing . | . . . Piercing . | . . . Sneak Attacks . | . . . Combat Hostiles . | . . . Follow-up Attacks . | . . . Damage Inflicted 1405 | . 432 973 Guns 1263 | . 432 831 Cannons 142 | . . 142 Explosions . | . . . Melee . | . . . Ramming . | . . . Kinetic 78 | . . 78 Thermal 1045 | . 432 613 Explosive . | . . . Electromagnetic 282 | . . 282 Impact . | . . . Slashing . | . . . Piercing . | . . . Highest Corruption 7 | . . 7 Average Corruption 7 | . . 7 Corruption Purged . | . . . Corruption Blocked . | . . . Effects 7 | . . 7 Message Errors 1 | . . 1 Matter Fused 1 | . . 1 Heat Flow Errors 1 | . . 1 Energy Discharges 2 | . . 2 Data Loss (minor) 1 | . . 1 Misfires 1 | . . 1 Overload Shots . | . . . Overflow Damage . | . . . Projectiles . | . . . Explosions . | . . . Melee . | . . . Knockbacks . | . . . Impact . | . . . Kinetic . | . . . Secondary . | . . . Self-Inflicted Damage . | . . . Shots . | . . . Rammed . | . . . Targets Rammed . | . . . Kicked . | . . . Crushed . | . . . Highest Temperature 609 | . 330 609 Average Temperature 151 | . 112 174 Received Heat Transfer 567 | . 108 459 Effects 23 | . 2 21 Shutdowns 2 | . . 2 Energy Bleed 3 | . 1 2 Interference 4 | . . 4 Matter Decay 5 | . . 5 Short Circuit 3 | . 1 2 Damage (minor) 3 | . . 3 Damage (core) 3 | . . 3 Siege Activations . | . . . Robots Corrupted . | . . . Combat Hostiles . | . . . Parts Fried 2 | . . 2 Impact Corruptions . | . . . Robots Melted . | . . . Combat Hostiles . | . . . Parts Melted 10 | . 4 6 Heat Transferred 3357 | . 1567 1790 Parts Sabotaged . | . . . Parts Stolen . | . . . Parts Stripped . | . . . Power Chain Reactions . | . . . Alert | -11 -10 -9 ------- Run | Yrd Mat Mat Peak Influence 221 | . 199 221 Initial 20 | . . 20 Average 81 | . 69 98 Maximum Alert Level 1 | . . 1 Low Security (%) 98 | 100 100 97 Level 1 1 | . . 2 Level 2 . | . . . Level 3 . | . . . Level 4 . | . . . Level 5 . | . . . High Security . | . . . Max Security . | . . . Squads Dispatched 4 | . 3 1 Investigation 3 | . 2 1 Extermination . | . . . Reinforcement 1 | . 1 . Assault . | . . . Garrison . | . . . Intercept . | . . . Searches Triggered . | . . . Construction Impeded . | . . . Haulers Reinforced . | . . . Active Scanning Responses . | . . . Cargo Convoy Interrupts . | . . . Stealth | -11 -10 -9 --------- Run | Yrd Mat Mat Distress Signals 5 | . 2 3 Communications Jammed . | . . . Distress Signals . | . . . Times Spotted 38 | . 12 26 Peak Tracking Total 6 | . 4 6 Tactical Retreats 1 | . 1 . Traps | -11 -10 -9 ------- Run | Yrd Mat Mat Traps Triggered 1 | . 1 . Indirectly . | . . . Trap Hack Attempts . | . . . Triggered . | . . . Disarmed . | . . . Reprogrammed 2 | . 2 . Reused . | . . . Traps Extracted . | . . . Installed . | . . . Triggered . | . . . Machines | -11 -10 -9 ---------- Run | Yrd Mat Mat Machines Disabled 1 | . . 1 Max in Single Turn 1 | . . 1 Machines Repaired . | . . . Machines Dismantled . | . . . Machines Sabotaged . | . . . Overloaded Fab Kills . | . . . Hacking | -11 -10 -9 --------- Run | Yrd Mat Mat Machines Accessed 11 | . 6 5 Terminals 9 | . 5 4 Fabricators . | . . . Repair Stations 2 | . 1 1 Recycling Units . | . . . Scanalyzers . | . . . Garrison Access . | . . . Total Hacks 41 | . 20 21 Successful 19 | . 8 11 Failed 22 | . 12 10 Catastrophic 4 | . 2 2 Database Lockouts . | . . . Manual . | . . . Terminals 29 | . 16 13 Fabricators . | . . . Repair Stations 12 | . 4 8 Recycling Units . | . . . Scanalyzers . | . . . Garrison Access . | . . . Terminal Hacks 13 | . 7 6 Prototype ID Bank 1 | . 1 . Alert Level 1 | . 1 . Unreport Threat 1 | . 1 . Locate Traps 5 | . 3 2 Reprogram Traps 1 | . 1 . Security Status 1 | . . 1 Assault Status 1 | . . 1 Hauler Manifests 1 | . . 1 Registered Components 1 | . . 1 Fabricator Hacks . | . . . Repair Station Hacks 6 | . 1 5 Scan Component 4 | . 1 3 Repair 2 | . . 2 Recycling Unit Hacks . | . . . Scanalyzer . | . . . Garrison Access Hacks . | . . . Unauthorized Hacks . | . . . Terminals . | . . . Fabricators . | . . . Repair Stations . | . . . Recycling Units . | . . . Scanalyzers . | . . . Garrison Access . | . . . Data Cores Recovered . | . . . Used . | . . . Hacking Detections 11 | . 6 5 Full Trace Events 5 | . 4 1 Feedback Events . | . . . Feedback Blocked . | . . . Robot Schematics Acquired . | . . . Robots Built . | . . . Authchips . | . . . Time . | . . . Total Robot Build Rating . | . . . Part Schematics Acquired . | . . . Parts Built . | . . . Authchips . | . . . Time . | . . . Total Part Build Rating . | . . . Parts Repaired 2 | . . 2 Time 58 | . . 58 Parts Recycled . | . . . Recycled Matter . | . . . Retrieved Matter . | . . . Retrieved Components . | . . . Parts Scanalyzed . | . . . Part Schematics Acquired . | . . . Parts Damaged . | . . . Bothacking | -11 -10 -9 ------------ Run | Yrd Mat Mat Used RIF Installer . | . . . Robots Hacked . | . . . Non-combat . | . . . Combat . | . . . Robot Hacks Applied . | . . . Relay Couplers Released . | . . . Fabnet Peak Effective % . | . . . Robots Rewired . | . . . Allies Hacked . | . . . Hacks Repelled . | . . . Allies | -11 -10 -9 -------- Run | Yrd Mat Mat Total Allies . | . . . Largest Group . | . . . Highest-Rated Group . | . . . Highest-Rated Ally . | . . . Total Orders . | . . . Ally Attacks . | . . . Total Damage . | . . . Kills . | . . . Allies Corrupted . | . . . Allies Melted . | . . . Intel | -11 -10 -9 ------- Run | Yrd Mat Mat Robot Analysis Total . | . . . Derelict Logs Recovered . | . . . Drone Launches . | . . . Drone Recoveries . | . . . Exploration | -11 -10 -9 ------------- Run | Yrd Mat Mat Turns Passed 1545 | 43 762 740 Spaces Moved 907 | 45 531 331 Core 34 | 26 . 8 Treads . | . . . Legs 755 | . 432 323 Wheels 118 | 19 99 . Hover . | . . . Flight . | . . . Fastest Speed 50 | 50 100 50 Average Speed 121 | 71 116 137 Slowest Speed 190 | 100 120 190 Overloaded Moves . | . . . Propulsion Burnouts . | . . . Robots Hopped . | . . . Cave-ins Triggered . | . . . Exploration Rate (%) 38 | 3 71 40 Regions Visited 2 Branch Regions . Pre-discovered Areas . | . . . Known Exits Taken . | . . . Unknown Exits Taken 2 | 1 1 . Scrap Searched . | . . . Spaces Dug . | . . . Terrain Destroyed . | . . . Melee . | . . . Projectile . | . . . AOE . | . . . Terrain Rammed . | . . . Walls Destroyed . | . . . Machines Disabled . | . . . Actions | -11 -10 -9 --------- Run | Yrd Mat Mat Total 1203 | 55 625 523 Wait 141 | . 42 99 Move 905 | 44 530 331 Hop . | . . . Pick Up 27 | 5 12 10 Fast Attach 8 | 1 . 7 Attach 20 | 5 5 10 Detach 2 | . 1 1 Swap 5 | . 2 3 Drop 12 | . 4 8 Fire 83 | . 29 54 Melee . | . . . Ram . | . . . Kick . | . . . Crush . | . . . Escape Stasis . | . . . Rewire . | . . . Trap . | . . . Miscellaneous . | . . . Route ------- -11/Scrapyard -10/Materials (discovered 5 exits: *Mat x3 / [*Min x2]) -9/Materials (discovered 2 exits: [*Mat] / [*Min]) History --------- Turn | Location | Event 19 | -11/Scrapyard | Discovered new exit (range 16) 44 | -11/Scrapyard | Entered Materials 77 | -10/Materials | Discovered new exit (range 13) 79 | -10/Materials | Discovered new exit (range 11) 411 | -10/Materials | Discovered new exit (range 7) 526 | -10/Materials | Discovered new exit (range 5) 568 | -10/Materials | Build established: Mutant 757 | -10/Materials | Discovered new exit (range 16) 806 | -10/Materials | Entered another Materials area 806 | -9/Materials | Evolved 2 slots: Utility x1, Weapon x1 1004 | -9/Materials | Repaired Imp. Ion Engine 1032 | -9/Materials | Repaired Med. Laser 1227 | -9/Materials | Core integrity fell below 50% 1260 | -9/Materials | Lost 6 parts (1p2n1u2w) 1429 | -9/Materials | Discovered new exit (range 16) 1482 | -9/Materials | Discovered new exit (range 5) 1538 | -9/Materials | Core integrity fell below 20% 1546 | -9/Materials | Destroyed by Y-45 Defender with Beam Rifle Last Messages --------------- M-13 Machinist destroyed. Imp. Ion Engine fried. Heat Sink fried. Y-45 Defender destroyed. Acquired Hvy. Assault Rifle. R-06 Scavenger collects Wheel. R-06 Scavenger collects Corrupted Lgt. Treads. R-06 Scavenger collects Lgt. Armor Plating. R-06 Scavenger collects Corrupted Beam Rifle. EXIT=FOUND ==F|V3ADQK5G=PZBMEBW6|N Connecting with Terminal... Sml. Laser destroyed. System corrupted: Matter fused (-5). Destroyed Flight Unit. Aluminum Leg destroyed. S-10 Pest destroyed. S-10 Pest misfires. K-01 Serf collects debris. Critical hit (Burn: +37). Map ----- +----------------------------------------------------+ | | | | | | | | | | | | | | | | | | | | | ?????????????????????????????????????????????????? | | ?????????????????????????????????????????????????? | | ?????????????????????????????????????????????????? | | ?????????????????????????????????????????????????? | | #####????????????????????????????????????????????? | | ##########???????###?????????????????????????? | | + #??????? ??????????????????????????? | | "" ######## #??##### #??????????????????????????? | | "" #??????# ####"T"# #??????????????????????????? | | "" #??????# #??????????????????????????? | | #??????# #??????????????????????????? | | +########### [!!#??????????###?????????????? | | ^ !! [! #???????? #?????????????? | | #^ ! [! #?????? g #?????????????? | | ?^ a s ##### g === #?????????????? | | ?^< k%s @/ === #?????????????? | | ?^^ ############# ##### g=== #?????????????? | | ##### #???????????# #?????? #?????????????? | | # #???????????# #???????? #?????????????? | | """ # #???????????# #?????????? Y#?????????????? | | """ / +???????????# #???????????? #????????????? | | ?"" # #???????????# #??????????????????????????? | | ??? # #???????????# #??????????????????????????? | | ????# #???????????? #??????????????????????????? | | ##### #???????????? ??????????????????????????? | | # #????????????##??????????????????????????? | | # #????????????????????????????????????????? | | + ########?????????????????????????????????? | | # #?????????????????????????????????? | | T" # %= #?????????????????????????????????? | | # = """ ########??????????????????????????? | | ###### """ # [ #??????????????????????????? | | ?????# """ # T #??????????????????????????? | | ?????# # #????????????[?????????????? | | ?????#% + #??????????????????????????? | | ?????# """ # #??????????????????????????? | | ###### """ # #??????????????????????????? | | !# """ ########??????????????????????????? | | % # #?????????????????????????? | | # #?????????????????????????? | +----------------------------------------------------+ Best States ------------- Heat Dissipation 38 Energy Generation 12 Energy Capacity 265 Matter Stores 300 Matter Capacity 300 Sight Range 16 Robot Scan Range 14 Terrain Scan Density 10 Additional Mass Support 6 Armor Coverage 150 Core Shielding 20 Evasion (%) 55 Targeting Accuracy 6 Item Schematics ----------------- None Robot Schematics ------------------ None Fabricated ------------ Nothing Alien Tech Used ----------------- None Achievements -------------- None Challenges ------------ None Game ------ Seed ResetMassExoskeleton Manual? 0 Play Time 00:24:11 Cumulative 6.3 hours Start 2024.05.29 @ 12:24:08 End 2024.05.29 @ 12:47:16 Sessions 1 Manual Loads 0 Difficulty Rogue Special Mode None Game No. 14 Rogue 14 Adventurer 0 Explorer 0 Win Type - Total 0 Types 0/0/0/0/0/0/0/0/0 Lore% 10 Gallery% 12 Achievement% 10 Wizard Run 0 Options --------- Layout 1 ASCII 0 Keyboard 0 Movement Mouse Keybinds 0 Fullscreen 1 Font 24/Smallcaps Map View 50x35 Zoom Use 0% Tactical HUD 0 Map Filters NONE Filters NONE Steam 1 RUN: d7779ac7-b820-493a-b223-2a20aa67cd95